 Dungeon Crawl Stone Soup version 0.29.1-15-g9cfb28693d (webtiles) character file.

Game seed: 4650950418288284880

46 Heoruswealwe the Magician (level 3, -3/19 HPs)
             Began as a Deep Elf Earth Elementalist on Mar 20, 2023.
             Slain by a polar bear (5 damage)
             ... created by the rage of Trog
             ... on level 2 of the Dungeon.
             The game lasted 00:10:59 (1256 turns).

Heoruswealwe the Magician (DEEE)                    Turns: 1256, Time: 00:11:03

Health: -3/19      AC:  3    Str:  5    XL:     3   Next: 46%
Magic:  10/10      EV: 12    Int: 21    God:
Gold:   66         SH:  0    Dex: 15    Spells: 4/10 levels left

rFire   . . .      SeeInvis .   g - +0 short sword
rCold   . . .      Faith    .   (no shield)
rNeg    . . .      Spirit   .   a - +0 robe
rPois   +          Reflect  .   (no helmet)
rElec   .          Harm     .   (no cloak)
rCorr   +          Rampage  .   (no gloves)
Will    .....                   r - +0 pair of boots
Stlth   ++........              (no amulet)
HPRegen 0.06/turn               s - ring of resist corrosion
MPRegen 0.12/turn               t - ring of poison resistance

@: slowed, very slow
A: no striking features
a: no special abilities


You were on level 2 of the Dungeon.
You visited 1 branch of the dungeon, and saw 2 of its levels.

You collected 66 gold pieces.

Inventory:

Hand Weapons
 g - a +0 short sword (weapon)
Armour
 a - a +0 robe (worn)
 f - a +0 robe
 r - a +0 pair of boots (worn)
Jewellery
 s - a ring of resist corrosion (left hand)
 t - a ring of poison resistance (right hand)
Scrolls
 c - a scroll of torment {unknown}
 d - a scroll of blinking {unknown}
 e - a scroll of silence {unknown}
 h - 4 scrolls of teleportation {unknown}
 i - 2 scrolls of brand weapon {unknown}
 k - a scroll of fog {unknown}
 l - 4 scrolls of identify {unknown}
 n - 2 scrolls of magic mapping {unknown}
 o - a scroll of acquirement {unknown}
 p - a scroll of amnesia {unknown}
Potions
 b - a potion of magic
 j - a potion of flight {unknown}
 m - a potion of heal wounds {unknown}
 q - a potion of curing {unknown}
 u - 2 potions of might {unknown}


   Skills:
 - Level 2.4 Dodging
 - Level 2.4 Stealth
 * Level 4.4 Spellcasting
 + Level 2.0 Transmutations
 + Level 3.7 Earth Magic


You had 4 spell levels left.
You knew the following spells:

 Your Spells              Type           Power      Damage    Failure   Level
a - Sandblast             Erth           40%        2d10      2%          1
b - Passwall              Tmut/Erth      13%        N/A       5%          2
c - Stone Arrow           Conj/Erth      24%        3d8       16%         3

Your spell library contained the following spells:

 Spells                   Type           Power      Damage    Failure   Level
 Petrify                  Tmut/Erth      16%        N/A       34%         4


Dungeon Overview and Level Annotations

Branches:
Dungeon (2/15)

Altars:
Trog


Message History

The blast of sand hits the goblin!
You kill the goblin!
The blast of sand hits the frilled lizard!
You kill the frilled lizard!
You see here a +0 dagger.
You see here a +0 ring mail.
You open the door.
There is an open door here.
There is an open door here.
Trog's voice booms out, "Feel my wrath!"
You suddenly feel lethargic!
You feel yourself slow down.
You open the door.
Found a tubular tourmaline ring.
There is an open door here.
t - a ring of poison resistance
t - a ring of poison resistance (right hand)
An adder comes into view.
The adder hisses angrily.
You hit the adder but do no damage. The adder bites you but does no damage.
The adder bites you.
The blast of sand misses the adder.
The adder bites you but does no damage. The adder barely misses you.
The adder bites you.
The blast of sand hits the adder!
You kill the adder!
You feel your strength returning.
Your Transmutations skill increases to level 2!
You see here an adder corpse.
Found 2 fizzy red potions.
u - 2 fizzy red potions Trog sends monsters to punish you. 4 polar bears come into view.
You hit the polar bear but do no damage.
The polar bear bites you!
Ouch! That really hurt!
The polar bear claws you. x2
* * * LOW HITPOINT WARNING * * *
The polar bear bites you but does no damage.
The polar bear claws you.
You die...

#######............)...[
+.........###.....†.....
########.## #...........
#..#.# #.##########
#..#.# #.# # ####..#.#
#.# # #.....#.# #.# #
#.#..h#.# #.######## #
#.#.hh@.# #.......^# #
#....h### ########.# #
#####.# #.# ..# #.# ####
#.# #.# #.### #....
#####


You could see 4 polar bears.

Vanquished Creatures
  An adder (D:2)
  2 dart slugs
  4 ball pythons
  5 endoplasms
  2 goblins (D:2)
  5 hobgoblins
  2 quokkas
  3 bats (D:1)
  4 frilled lizards
  A kobold (D:1)
  A rat (D:1)
30 creatures vanquished.

Vanquished Creatures (others)
  30 plants (D:1)
30 creatures vanquished.

Grand Total: 60 creatures vanquished

Notes
Turn   | Place    | Note
-------+----------+-------------------------------------------
     0 | D:1      | Heoruswealwe the Deep Elf Earth Elementalist began the
                  | quest for the Orb.
     0 | D:1      | Reached XP level 1. HP: 10/10 MP: 6/6
   231 | D:1      | Reached XP level 2. HP: 15/15 MP: 3/8
   237 | D:1      | Learned a level 2 spell: Passwall
   339 | D:1      | Found a faded altar of an unknown god.
   348 | D:1      | Prayed at the altar of an unknown god.
   348 | D:1      | Became a worshipper of Trog the Wrathful
   348 | D:1      | Reached * piety under Trog
   349 | D:1      | Fell from the grace of Trog
   953 | D:2      | Reached skill level 4 in Spellcasting
   985 | D:2      | Reached XP level 3. HP: 19/19 MP: 7/10
   993 | D:2      | Learned a level 3 spell: Stone Arrow
  1255 | D:2      | Noticed a polar bear
  1255 | D:2      | Noticed a polar bear
  1255 | D:2      | Noticed a polar bear
  1255 | D:2      | Noticed a polar bear
  1256 | D:2      | Slain by a polar bear

Illustrated notes

Levels and vault maps discovered:
D:1:      eino_arrival_tree_alley, layout_loops_cross,
          shapermc_ecumenical_altar_totnotflames, minmay_heptomino_l4
D:2:      layout_basic

Skill      XL: |  1  2  3 |
---------------+----------+-----
Spellcasting   | 4 |  4.4
Transmutations | 2 |  2.0
Dodging        | |  2.4
Stealth        | |  2.4
Earth Magic    | |  3.7

Action                   || total
-------------------------++-------
Melee: Short sword       ||   134
       Punch             ||     3
 Cast: Sandblast         ||    38
Invok: Renounce Religion ||     1
Armor: Robe              ||     6
Dodge: Dodged            ||     5
